 Dungeon Crawl Stone Soup version 0.27-a0-1065-ge809cff456 (webtiles) character file.

Game seed: 3880925332244893160

73 robertstho the Magician (level 4, 0/31 HPs)
             Began as a Djinni Ice Elementalist on Apr 23, 2021.
             Frozen to death by an endoplasm (4 damage)
             ... on level 2 of the Dungeon.
             The game lasted 00:03:37 (3742 turns).

robertstho the Magician (Djinni Ice Elementalist)   Turns: 3742, Time: 00:03:38

Health: 0/31       AC:  8    Str:  7    XL:     4   Next: 27%
Gold:   132        EV: 12    Int: 18    God:
                   SH:  0    Dex: 13

rFire    + + .     SeeInvis .   g - +0 dagger (venom)
rCold    x . .     Faith    .   (no shield)
rNeg     . . .     Spirit   .   a - +0 robe
rPois    ∞         Reflect  .   (no helmet)
rElec    .         Harm     .   (no cloak)
rCorr    .         Rampage  .   (no gloves)
Will     .....                  (boots unavailable)
Stlth    ++........             (no amulet)
HPRegen  0.10/turn              (no ring)
MPRegen  0.00/turn              (no ring)

@: ice-armoured, flying
A: fire resistance 2, cold vulnerability 1, float, innate caster, hp casting,
extra vitality 1
a: no special abilities


You were on level 2 of the Dungeon.
You visited 1 branch of the dungeon, and saw 3 of its levels.

You collected 132 gold pieces.

Inventory:

Hand Weapons
 b - a +0 rapier
 g - a +0 dagger of venom (weapon)
Armour
 a - a +0 robe (worn)
Scrolls
 d - 2 scrolls of identify
 h - a scroll of blinking
Potions
 c - a potion of brilliance {unknown}
 e - 7 potions of curing
 f - 2 potions of haste


   Skills:
 + Level 0.5 Fighting
 + Level 1.0 Short Blades
 + Level 2.7 Dodging
 + Level 1.9 Stealth
 * Level 4.4 Spellcasting


You couldn't memorise any spells.
You knew the following spells:

 Your Spells              Type           Power      Damage    Failure   Level
a - Freeze                Ice            76%        1d9       2%          1
b - Frozen Ramparts       Ice            38%        1d5       7%          3
c - Ozocubu's Armour      Ice            19%        N/A       7%          3
d - Hailstorm             Conj/Ice       19%        3d6       22%         4
e - Metabolic Englaciati  Hex/Ice        9%         N/A       54%         5
f - Summon Small Mammal   Summ           76%        N/A       2%          1
Your spell library was empty.

Dungeon Overview and Level Annotations

Branches:
Dungeon (3/15)

Altars:


Innate Abilities, Weirdness & Mutations

You are immune to poison.
Your flesh is very heat resistant. (rF++)
You are vulnerable to cold. (rC-)
You float through the air rather than walking.
You learn spells naturally, not from books.
Your magical power is your life essence.
You have superior vitality. (+4 HP)


Message History

The endoplasm freezes you.
You are frozen.
You hit the endoplasm.
The endoplasm is poisoned.
The endoplasm is moderately wounded.
The endoplasm barely misses you.
You hit the endoplasm but do no damage.
The endoplasm is severely wounded.
The endoplasm barely misses you. The endoplasm freezes you.
You are frozen.
You feel a terrible chill!
You hit the endoplasm but do no damage.
The endoplasm is severely wounded.
The endoplasm hits you. The endoplasm freezes you.
You are frozen.
You feel a terrible chill!
You are too injured to fight recklessly!
Unknown command.
The endoplasm freezes you.
You are frozen.
You feel a terrible chill!
* * * LOW HITPOINT WARNING * * *
You kill the endoplasm!
The endoplasm jiggles.
Okay, then.
There is a stone staircase leading up here.
The endoplasm completely misses you.
You fly upwards.
There is a stone staircase leading down here.
You hit the endoplasm but do no damage. The endoplasm hits you.
* * * LOW HITPOINT WARNING * * *
Casting: Frozen Ramparts (quite dangerous; 7% risk of failure)
Confirm with . or Enter, or press ? or * to list all spells.
The spell is quite dangerous to cast (7% risk of failure)!
Continue anyway?
A film of ice covers your body!
* * * LOW HITPOINT WARNING * * *
The endoplasm closely misses you.
You hit the endoplasm.
The endoplasm is poisoned.
The endoplasm is moderately wounded.
The endoplasm freezes you.
You are frozen.
You feel a terrible chill!
You die...

### #..
##############.#
#)......#......#
#.....#.#.###...
#...#.#.#.#....#
####....#.#.#.....
#@J..........)....
#.##....#.#...#...
#.........#.....#.
#####.#..#..########..
#..<#.................
#.###.#..##.#.#.####..
#.###.#..##.#.#.##....
#.....#...#.#)#.##.#..
#######.#.#...#.##.#..


You could see an endoplasm (very poisoned).

Vanquished Creatures
  An adder (D:2)
  A worm (D:2)
  2 dart slugs
  3 bats
  5 endoplasms
  2 giant cockroaches
  7 goblins
  5 hobgoblins
  5 jackals (D:2)
  2 kobolds
  5 quokkas
  7 ball pythons
  2 frilled lizards
  3 rats (D:2)
50 creatures vanquished.

Notes
Turn   | Place    | Note
-------+----------+-------------------------------------------
     0 | D:1      | robertstho the Djinni Ice Elementalist began the quest for
                  | the Orb.
     0 | D:1      | Reached XP level 1. HP: 15/15 MP: 0/0
   434 | D:1      | Reached XP level 2. HP: 12/21 MP: 0/0
   624 | D:1      | Reached skill level 4 in Spellcasting
  1389 | D:1      | Reached XP level 3. HP: 6/25 MP: 0/0
  1389 | D:1      | Learned a level 1 spell: Summon Small Mammal
  2935 | D:2      | Reached XP level 4. HP: 31/31 MP: 0/0
  3305 | D:2      | Found a faded altar of an unknown god.
  3715 | D:3      | Reached skill level 1 in Short Blades
  3742 | D:2      | Frozen to death by an endoplasm

Illustrated notes

Levels and vault maps discovered:
D:1:      mrwooster_arrival_statue_3, layout_loops_cross,
          minmay_misc_feat_nine_boxes
D:2:      layout_basic, shapermc_ecumenical_altar_hornbeckon,
          minmay_tree_intersection, lemuel_another_geyser
D:3:      layout_basic

Skill      XL: |  1  2  3  4 |
---------------+-------------+-----
Spellcasting   | 4 |  4.4
Short Blades   | 1 |  1.0
Fighting       | |  0.5
Dodging        | |  2.7
Stealth        | |  1.9

Action                   |  1- 3 |  4- 6 || total
-------------------------+-------+-------++-------
Melee: Rapier            |    82 |     2 ||    84
       Dagger            |       |    27 ||    27
 Cast: Freeze            |    22 |       ||    22
       Frozen Ramparts   |     1 |     1 ||     2
       Ozocubu's Armour  |       |     1 ||     1
  Use: Scroll            |       |     4 ||     4
 Stab: Sleeping          |     1 |     4 ||     5
Armor: Robe              |    17 |       ||    17
Dodge: Dodged            |    56 |    20 ||    76

Table legend: (Time is in decaauts)
 A = Elapsed time spent in this place.
 B = Non-inter-level travel time spent in this place.
 C = Inter-level travel time spent in this place.
 D = Time resting spent in this place.
 E = Time spent auto-exploring this place.
 F = Levels seen in this place.
 G = Mean time per level.
                   A        B        C        D        E       F      G
               +--------+--------+--------+--------+--------+-----+--------+
         Total |   3756 |   3715 |     41 |    530 |   2812 |   3 | 1252.0 |
       Dungeon |   3756 |   3715 |     41 |    530 |   2812 |   3 | 1252.0 |
               +--------+--------+--------+--------+--------+-----+--------+

Top non-repeatable levels by time:
     D:1: 1972 daAuts
     D:2: 1609 daAuts
     D:3: 174 daAuts
